 Dungeon Crawl Stone Soup version 0.30-a0-568-g124715a40b (webtiles) character file.

Game seed: 5897067357565852348

30737 bmack86 the Severer (level 13, -6/116 HPs)
             Began as a Minotaur Fighter on Dec 29, 2022.
             Was a High Priest of Okawaru.
             Mangled by an ice devil (9 damage)
             ... in an ice cave.
             The game lasted 00:43:42 (12486 turns).

bmack86 the Severer (Minotaur Fighter)             Turns: 12486, Time: 00:43:44

Health: -6/116     AC: 27    Str: 29    XL:     13   Next: 22%
Magic:  17/17      EV:  5    Int:  5    God:    Okawaru [*****.]
Gold:   748        SH: 12    Dex: 16    Spells: 12/12 levels left

rFire   . . .      SeeInvis .    D - +5 war axe "Metititu" {spect, Fragile rCorr Str+3 Dex+6}
rCold   . . .      Faith    .    P - +0 kite shield
rNeg    . . .      Spirit   .    A - +0 crystal plate armour
rPois   .          Reflect  .    K - +0 hat {Stlth+}
rElec   .          Harm     .    O - +0 cloak
rCorr   +          Rampage  .    s - +2 pair of gloves
Will    ++...                    S - +0 pair of boots Stlth
                                 k - amulet of regeneration
HPRegen 1.19/turn                b - ring of willpower
MPRegen 0.15/turn                c - ring of willpower

@: studying Poison Magic
A: horns 2, retaliatory headbutt
a: Renounce Religion, Heroism, Finesse, Duel


You were in an ice cave.
You worshipped Okawaru.
Okawaru was extremely pleased with you.
You visited 3 branches of the dungeon, and saw 15 of its levels.
You also visited: Sewer and Ice Cave.

You collected 748 gold pieces.

Inventory:

Hand Weapons
 D - the +5 war axe "Metititu" (weapon) {spect, Fragile rCorr Str+3 Dex+6}
   (You found it on level 4 of the Dungeon)

   When its wielder attacks, the weapon's spirit leaps out and strikes again.
   The spirit shares a part of any damage it takes with its wielder.
   Str:       It affects your strength (+3).
   Dex:       It affects your dexterity (+6).
   rCorr:     It protects you from acid and corrosion.
   Fragile:   It will be destroyed if unequipped.
Missiles
 a - 2 atropa-tipped darts
 t - 29 poisoned darts
 w - 2 curare-tipped darts
 E - 4 throwing nets
 G - 6 boomerangs (quivered)
 Q - 3 silver boomerangs
Armour
 s - a +2 pair of gloves (worn)
 A - a +0 crystal plate armour (worn)
 K - a +0 hat of stealth (worn)
 O - a +0 cloak (worn)
 P - a +0 kite shield (worn)
 S - a +0 pair of boots (worn)
Jewellery
 b - a ring of willpower (left hand)
 c - a ring of willpower (right hand)
 e - a ring of flight
 h - an amulet of the acrobat
 k - an amulet of regeneration (around neck)
 o - a +5 ring of evasion
 q - a ring of protection from fire
 v - an amulet of faith
 T - the ring of Ashenzari's Hope {rPois rN+ Will++ rCorr Slay-4}
   (You found it in an ice cave)

   [ring of positive energy]

   Slay:      It affects your accuracy & damage with ranged weapons and melee
   (-4).
   rPois:     It protects you from poison.
   rN:        It protects you from negative energy.
   rCorr:     It protects you from acid and corrosion.
   Will:      It greatly increases your willpower.
Wands
 C - a wand of acid (5)
 F - a wand of flame (17)
 H - a wand of roots (4)
 I - a wand of polymorph (5)
 M - a wand of mindburst (11)
Scrolls
 m - a scroll of identify
 u - a scroll of poison
 y - 4 scrolls of magic mapping
 z - a scroll of blinking
 J - 2 scrolls of amnesia
 L - 2 scrolls of teleportation
 N - a scroll of fear {unknown}
 R - a scroll of enchant weapon
Potions
 d - 3 potions of might
 f - 3 potions of flight
 g - 4 potions of brilliance
 i - 3 potions of mutation
 j - 3 potions of magic
 l - 7 potions of curing
 n - a potion of invisibility
 p - 5 potions of lignification
 r - 3 potions of attraction
 x - 3 potions of heal wounds
 B - 2 potions of haste


   Skills:
 + Level 11.3 Fighting
 * Level 15.1 Axes
 + Level 8.0 Throwing
 + Level 11.3 Armour
 + Level 11.4 Shields
 + Level 7.6 Invocations


You had 12 spell levels left.
You didn't know any spells.
Your spell library contained the following spells:

 Spells                   Type           Power      Damage    Failure   Level
 Sandblast                Erth           0%         2d4       100%        1
 Passwall                 Tmut/Erth      0%         N/A       100%        2
 Gell's Gravitas          Tloc           0%         N/A       100%        3
 Ignite Poison            Fire/Tmut/Pois 0%         N/A       100%        3
 Kindle Blastsparks       Fire/Tloc/Air  0%         2d10      100%        3
 Lesser Beckoning         Tloc           0%         N/A       100%        3
 Ozocubu's Armour         Ice            0%         N/A       100%        3
 Stone Arrow              Conj/Erth      0%         3d7       100%        3
 Teleport Other           Tloc           0%         N/A       100%        3
 Cause Fear               Hex            0%         N/A       100%        4
 Metabolic Englaciation   Hex/Ice        0%         N/A       100%        5
 Iron Shot                Conj/Erth      0%         9d1       100%        6
 Dragon Form              Tmut           0%         N/A       100%        7
 Simulacrum               Ice/Necr       Unusable   N/A       N/A         6
 Dragon's Call            Summ           Unusable   N/A       N/A         9

Dungeon Overview and Level Annotations

Branches:
Dungeon (10/15)            Temple (1/1) D:5            Lair (4/5) D:10
  Swamp (0/4) Lair:3       Spider (0/4) Lair:2        Sewer (visited)
  IceCv (1/1)
  Slime: Lair:4-5       Orc: D:9-12

Altars:
Ashenzari
Cheibriados
Dithmenos
Elyvilon
Gozag
Hepliaklqana
Kikubaaqudgha
Makhleb
Nemelex Xobeh
Okawaru
Qazlal
Ru
Sif Muna
Trog
Uskayaw
Vehumet
Wu Jian
Xom
Yredelemnul
Zin
The Shining One

Shops:
D:4 (   D:5 *


Innate Abilities, Weirdness & Mutations

You have a pair of horns on your head.
You reflexively headbutt those who attack you in melee.


Message History

You kill the ice devil!
Okawaru accepts your kill.
You hit the ice devil but do no damage.
Your +5 war axe "Metititu" {spect, Fragile rCorr Str+3 Dex+6} hits the ice devil.
Your +5 war axe "Metititu" {spect, Fragile rCorr Str+3 Dex+6} barely misses the ice devil.
You barely miss the ice devil.
The ice devil is moderately wounded.
You barely miss the ice devil. You closely miss the ice devil.
Your +5 war axe "Metititu" {spect, Fragile rCorr Str+3 Dex+6} hits the ice devil. x2
The ice devil hits you but does no damage.
You block the ice devil's attack.
The ice devil hits you but does no damage.
You barely miss the ice devil.
You headbutt the ice devil, but do no damage.
The ice devil is heavily wounded.
You slash the ice devil! You hit the ice devil.
Your +5 war axe "Metititu" {spect, Fragile rCorr Str+3 Dex+6} hits the ice devil!
You kill the ice devil!
Okawaru accepts your kill. You block the ice devil's attack.
The ice devil hits you. The ice devil freezes you!!
* * * LOW HITPOINT WARNING * * *
You hit the ice devil but do no damage.
The ice devil is heavily wounded.
You barely miss the ice devil. You slice the ice devil!!
The ice devil hits you but does no damage.
You block the ice devil's attack. The ice devil hits you!
* * * LOW HITPOINT WARNING * * *
The ice devil freezes you!!
* * * LOW HITPOINT WARNING * * *
You closely miss the ice devil.
The ice devil is moderately wounded.
You hit the ice devil but do no damage. You slash the ice devil!
You block the ice devil's attack.
The ice devil hits you but does no damage. x2
You slice the ice devil!!
The ice devil is severely wounded.
You hit the ice devil. You hit the ice devil but do no damage.
You block the ice devil's attack. The ice devil hits you!
You die...

.#####....#####....##
## ###.## ##......##
## ### ##........#
.### #.........###
...####
##...####....#
......#
#...##)|##...#
....[[#
##..#.[[.#..##
...8### ##...44...##
...## ##..@4..##
....# ###(#### ###..#
#..⌠# #...# ##### ##
#.## .## ## ..###
#...### ###...##


You could see 3 ice devils and a friendly +5 war axe "Metititu" {spect, Fragile
rCorr Str+3 Dex+6} (summoned).

Vanquished Creatures
  The ghost of Koopt the Cleaver, a journeyman GrFi (Lair:3)
  5 hydras
  A two-headed ogre (D:9)
  Erica (D:8)
  4 death yaks (Lair:2)
  A necromancer (IceCv)
  An oklob plant (Lair:1)
  An ice statue (IceCv)
  11 cane toads
  Psyche (D:9)
  6 komodo dragons
  A rime drake (Lair:3)
  3 freezing wraiths (IceCv)
  An anaconda simulacrum (IceCv)
  11 ice devils (IceCv)
  2 trolls (D:10)
  3 hornets
  A meliai (Lair:2)
  10 blink frogs
  Sigmund (D:5)
  3 wyverns
  13 yaks
  A wraith (D:10)
  2 spriggans (Lair:3)
  A dire elephant simulacrum (IceCv)
  A basilisk (Lair:3)
  A steam dragon (D:7)
  Edmund (D:4)
  2 swamp worms (Lair:3)
  3 death yak simulacra (IceCv)
  6 water moccasins
  2 ice beasts
  4 sky beasts
  2 orc warriors
  2 black bears
  4 centaurs
  A boggart (Lair:3)
  A wolf (Lair:3)
  An ogre (D:5)
  A phantom (D:6)
  6 kobold brigands
  3 gnoll sergeants
  9 bullfrogs
  A cane toad simulacrum (IceCv)
  A two-headed ogre simulacrum (IceCv)
  3 necrophages
  5 scorpions
  9 wights
  9 killer bees
  6 elephant simulacra (IceCv)
  3 electric eels
  A howler monkey (D:9)
  3 hounds
  6 orc priests
  Crazy Yiuf (D:4)
  A jelly (D:7)
  An iguana (D:6)
  3 orc wizards
  4 polar bear simulacra (IceCv)
  A troll simulacrum (IceCv)
  2 spriggan simulacra (IceCv)
  6 adders
  21 gnolls
  A river rat (Sewer)
  2 shadow imps
  3 white imps
  2 ufetubi
  3 worms
  A dart slug (D:1)
  25 orcs
  9 endoplasms
  7 giant cockroaches
  4 goblins
  4 hobgoblins
  2 jackals
  5 quokkas
  5 ball pythons
  5 bats
  2 frilled lizards (D:2)
  37 kobolds
  8 rats
348 creatures vanquished.

Vanquished Creatures (others)
  17 fungi
  51 plants
68 creatures vanquished.

Grand Total: 416 creatures vanquished

Notes
Turn   | Place    | Note
-------+----------+-------------------------------------------
     0 | D:1      | bmack86 the Minotaur Fighter began the quest for the Orb.
     0 | D:1      | Reached XP level 1. HP: 19/19 MP: 0/0
   253 | D:1      | Reached XP level 2. HP: 27/27 MP: 1/1
   569 | D:1      | Reached skill level 3 in Axes
   989 | D:2      | Reached XP level 3. HP: 32/33 MP: 2/2
  1425 | D:3      | Found a faded altar of an unknown god.
  1654 | D:3      | Reached XP level 4. HP: 40/40 MP: 3/3
  1662 | D:3      | Reached skill level 4 in Axes
  2549 | D:4      | Found Cuerimp's Weapon Boutique.
  2558 | D:4      | Noticed a scorpion
  2567 | D:4      | Killed a scorpion
  2568 | D:4      | Reached XP level 5. HP: 47/47 MP: 4/4
  2684 | D:4      | Identified the +5 war axe "Metititu" {spect, Fragile rCorr
                  | Str+3 Dex+6}
  2750 | D:4      | Noticed Edmund
  2768 | D:4      | Killed Edmund
  2769 | D:4      | Reached skill level 5 in Axes
  2769 | D:4      | Reached XP level 6. HP: 25/55 MP: 5/5
  2903 | D:4      | Identified the +2 robe of the Charmed God {Str+4}
  3010 | D:4      | Reached skill level 5 in Fighting
  3010 | D:4      | Reached skill level 5 in Armour
  3010 | D:4      | Reached skill level 5 in Shields
  3170 | D:4      | Found a runed translucent door.
  3171 | D:4      | Noticed Crazy Yiuf
  3177 | D:4      | Killed Crazy Yiuf
  3182 | D:4      | Identified the +10 hammer of the Ancients {drain, Str-5
                  | Int+6}
  3309 | D:4      | Found a burning altar of Makhleb.
  3356 | D:4      | Reached skill level 6 in Axes
  3356 | D:4      | Reached XP level 7. HP: 61/61 MP: 6/6
  3371 | D:5      | Entered Level 5 of the Dungeon
  3440 | D:5      | Found a broken altar of Ashenzari.
  3499 | D:5      | Found Yrigaem's Lightly-Used Armoury.
  3522 | D:5      | Found an opulent altar of Gozag.
  3522 | D:5      | Found a sparkling altar of Nemelex Xobeh.
  3541 | D:5      | Noticed Sigmund
  3560 | D:5      | Killed Sigmund
  3567 | D:5      | Found a glowing drain.
  3597 | Sewer    | Entered a sewer
  3697 | Sewer    | Reached skill level 7 in Axes
  3719 | Sewer    | Found a glowing silver altar of Zin.
  3932 | D:5      | Reached XP level 8. HP: 69/70 MP: 7/7
  4044 | D:5      | Found a staircase to the Ecumenical Temple.
  4053 | Temple   | Entered the Ecumenical Temple
  4145 | Temple   | Became a worshipper of Warmaster Okawaru
  4270 | D:5      | Reached skill level 1 in Throwing
  4652 | D:6      | Reached skill level 8 in Axes
  4772 | D:6      | Reached * piety under Okawaru
  4773 | D:6      | Reached skill level 1 in Invocations
  5008 | D:6      | Got the Anthology of Sweltering Terrain
  5136 | D:7      | Found an ornate altar of the Wu Jian Council.
  5154 | D:7      | Reached XP level 9. HP: 44/79 MP: 9/9
  5162 | D:7      | Reached ** piety under Okawaru
  5163 | D:7      | Reached skill level 9 in Axes
  5193 | D:7      | Found a basalt altar of Yredelemnul.
  5194 | D:7      | Found a hazy altar of Hepliaklqana.
  5195 | D:7      | Found a radiant altar of Vehumet.
  5195 | D:7      | Found a sacrificial altar of Ru.
  5195 | D:7      | Found a shimmering blue altar of Sif Muna.
  5196 | D:7      | Found a shimmering altar of Xom.
  5646 | D:7      | Found a shadowy altar of Dithmenos.
  6483 | D:8      | Reached *** piety under Okawaru
  6484 | D:8      | Reached skill level 10 in Axes
  6554 | D:8      | Noticed Erica
  6568 | D:8      | Killed Erica
  6569 | D:8      | Reached XP level 10. HP: 62/88 MP: 11/11
  6605 | D:8      | Found a glowing golden altar of the Shining One.
  7311 | D:9      | Noticed a two-headed ogre
  7320 | D:9      | Killed a two-headed ogre
  7320 | D:9      | Received a gift from Okawaru
  7321 | D:9      | Reached skill level 11 in Axes
  7325 | D:9      | Noticed Psyche
  7335 | D:9      | Killed Psyche
  7347 | D:9      | Received a gift from Okawaru
  7348 | D:9      | Reached skill level 5 in Throwing
  7760 | D:10     | Entered Level 10 of the Dungeon
  7877 | D:10     | Reached **** piety under Okawaru
  7884 | D:10     | Reached skill level 5 in Invocations
  7887 | D:10     | Reached XP level 11. HP: 97/97 MP: 13/13
  7917 | D:10     | Found a glowing silver altar of Zin.
  8054 | D:10     | Found a staircase to the Lair.
  8286 | D:10     | Reached skill level 12 in Axes
  8886 | Lair:1   | Entered Level 1 of the Lair of Beasts
  9241 | Lair:1   | Reached ***** piety under Okawaru
  9368 | Lair:1   | Found a sacrificial altar of Ru.
  9368 | Lair:1   | Noticed an oklob plant
  9377 | Lair:1   | Killed an oklob plant
  9862 | Lair:2   | Received a gift from Okawaru
  9863 | Lair:2   | Reached skill level 13 in Axes
 10322 | Lair:2   | Found a hole to the Spider Nest.
 10377 | Lair:2   | Reached skill level 10 in Fighting
 10377 | Lair:2   | Reached skill level 10 in Shields
 10502 | Lair:2   | Noticed a five-headed hydra
 10511 | Lair:2   | Killed a seven-headed hydra
 10628 | Lair:2   | Noticed a death yak
 10630 | Lair:2   | Noticed a death yak
 10631 | Lair:2   | Noticed a death yak
 10631 | Lair:2   | Noticed a death yak
 10638 | Lair:2   | Killed a death yak
 10639 | Lair:2   | Reached skill level 10 in Armour
 10639 | Lair:2   | Reached XP level 12. HP: 73/106 MP: 15/15
 10647 | Lair:2   | Killed a death yak
 10647 | Lair:2   | Received a gift from Okawaru
 10647 | Lair:2   | Killed a death yak
 10649 | Lair:2   | Killed a death yak
 10938 | Lair:3   | Noticed an eight-headed hydra
 10938 | Lair:3   | Noticed a five-headed hydra
 10944 | Lair:3   | Killed a 15-headed hydra
 10956 | Lair:3   | Killed a 19-headed hydra
 10957 | Lair:3   | Reached skill level 14 in Axes
 11046 | Lair:3   | Found a staircase to the Swamp.
 11155 | Lair:3   | Noticed a four-headed hydra
 11172 | Lair:3   | Killed a nine-headed hydra
 11293 | Lair:3   | Noticed an eight-headed hydra
 11312 | Lair:3   | Killed a nine-headed hydra
 11485 | Lair:3   | Found a runed translucent door.
 11486 | Lair:3   | Identified the +3 trident "Bumemed" {drain, rElec rN++
                  | Str+3 Int-4}
 11491 | Lair:3   | Noticed Koopt's ghost (journeyman GrFi)
 11493 | Lair:3   | Identified the +4 mace of Xihupn {drain, rF+ Dex+2}
 12008 | Lair:3   | Killed Koopt's ghost
 12132 | Lair:4   | Found a frozen archway.
 12146 | IceCv    | Entered an ice cave
 12175 | IceCv    | Received a gift from Okawaru
 12288 | IceCv    | Reached XP level 13. HP: 116/116 MP: 17/17
 12419 | IceCv    | Reached skill level 15 in Axes
 12457 | IceCv    | Identified the ring of Ashenzari's Hope {rPois rN+ Will++
                  | rCorr Slay-4}
 12484 | IceCv    | HP: 1/116 [ice devil (23)]
 12486 | IceCv    | Mangled by an ice devil

Illustrated notes

Levels and vault maps discovered:
D:1:      psy_arrival_basics, layout_basic
D:2:      layout_rooms, minivault_19
D:3:      layout_basic, dilly_ecumenical_altar_fadedgnrine,
          kennysheep_flooded_box
D:4:      layout_loops_ring, makhleb_heckhound_becter, serial_shops, shop,
          uniq_edmund, uniq_crazy_yiuf_cottage
D:5:      layout_layer_cave, grunt_temple_overflow_opulence,
          ashenzari_conservatory_becter, minmay_temple_entry_wispy,
          gup_sewer_entry_glass, minmay_stone_trees_medium, minmay_shop_damaged,
          serial_bayou_ford_a, minmay_circle_x, uniq_sigmund
D:6:      layout_gridville
D:7:      layout_rooms, nicolae_dithmenos_through_a_glass_darkly,
          grunt_temple_overflow_open
D:8:      layout_basic, nicolae_tso_swordbearing_angel,
          hangedman_abyss_or_decor_clamps, uniq_erica
D:9:      layout_basic, nrook_campfire, kennysheep_small_circle, uniq_psyche
D:10:     layout_loops_ring, mainiacjoe_overflow_paths, lair_entry_dummy
Temple:   hellmonk_temple_flake
Lair:1:   layout_regular_city, lemuel_oklob_altar
Lair:2:   layout_cave_pods, hellmonk_spider_entry_not_the_bees,
          nicolae_quartered_pool_little, grunt_megastairs_4
Lair:3:   layout_loops_ring, palyth_hydra_swamp_entry,
          ebering_ghost_funeral_grove, serial_bayou_lake_a
Lair:4:   layout_gridlike, portal_ice_cave_entry_pillars_1, uniq_rupert
IceCv:    ice_cave_small_necro

Skill      XL: |  1  2  3  4  5  6  7  8  9 10 11 12 13 |
---------------+----------------------------------------+-----
Axes           | 3 4 5 6 7 8 10 11 13 14 15 | 15.1
Shields        | 4 5 6 7 8 9 10 11 | 11.4
Fighting       | 4 5 6 7 8 9 10 11 | 11.3
Armour         | 4 5 6 7 8 10 11 | 11.3
Throwing       | 2 4 5 6 7 8 |  8.0
Invocations    | 1 3 5 6 7 |  7.6

Action                   |  1- 3 |  4- 6 |  7- 9 | 10-12 | 13-15 || total
-------------------------+-------+-------+-------+-------+-------++-------
Melee: War axe           |    59 |    68 |   231 |   317 |    42 ||   717
       Headbutt          |     7 |    12 |    23 |    78 |    12 ||   132
Throw: Dart              |       |       |    45 |    53 |       ||    98
       Boomerang         |       |       |       |    25 |    32 ||    57
       Javelin           |       |       |       |     1 |       ||     1
Invok: Heroism           |       |       |       |    13 |     1 ||    14
       Finesse           |       |       |       |     8 |     1 ||     9
Evoke: Wand              |     6 |    13 |     2 |     5 |       ||    26
  Use: Scroll            |     1 |     3 |     8 |     9 |       ||    21
 Stab: Distracted        |       |       |       |     4 |       ||     4
       Invisible         |       |       |       |     1 |       ||     1
Armor: Scale mail        |    25 |    13 |    37 |       |       ||    75
       Crystal plate arm |       |       |    93 |   194 |    39 ||   326
Dodge: Dodged            |    47 |    48 |   137 |    83 |     6 ||   321
Block: Buckler           |    18 |    15 |    92 |    38 |       ||   163
       Kite shield       |       |       |       |   110 |    29 ||   139

Table legend: (Time is in decaauts)
 A = Elapsed time spent in this place.
 B = Non-inter-level travel time spent in this place.
 C = Inter-level travel time spent in this place.
 D = Time resting spent in this place.
 E = Time spent auto-exploring this place.
 F = Levels seen in this place.
 G = Mean time per level.
                   A        B        C        D        E       F      G
               +--------+--------+--------+--------+--------+-----+--------+
         Total |  12514 |  11681 |    833 |    233 |   8004 |  17 |  736.1 |
       Dungeon |   8659 |   7928 |    731 |    123 |   5452 |  10 |  865.9 |
        Temple |    114 |    114 |      0 |      0 |     94 |   1 |  114.0 |
          Lair |   3266 |   3164 |    102 |    110 |   2323 |   4 |  816.5 |
         Sewer |    163 |    163 |      0 |      0 |     42 |   1 |  163.0 |
      Ice Cave |    310 |    310 |      0 |      0 |     93 |   1 |  310.0 |
               +--------+--------+--------+--------+--------+-----+--------+

Top non-repeatable levels by time:
  Lair:3: 1310 daAuts
     D:8: 1168 daAuts
     D:3: 1150 daAuts
     D:5: 1129 daAuts
  Lair:2: 1075 daAuts
     D:4: 985 daAuts
  Lair:1: 864 daAuts
     D:9: 840 daAuts
     D:1: 822 daAuts
    D:10: 788 daAuts
     D:7: 637 daAuts
     D:2: 589 daAuts
     D:6: 547 daAuts
   IceCv: 310 daAuts
   Sewer: 163 daAuts
